 Dungeon Crawl Stone Soup version 0.28.0-1-gb440e238dd (webtiles) character file.

Game seed: 10067408020898396613

58 RascalDebosk the Firebug (level 3, -6/27 HPs)
             Began as a Draconian Fire Elementalist on Feb 22, 2022.
             Splashed by a jelly's acid (9 damage)
             ... on level 2 of the Dungeon.
             The game lasted 00:16:45 (1972 turns).

RascalDebosk the Firebug (DrFE)                     Turns: 1972, Time: 00:16:45

Health: -6/27      AC: -7    Str: 10    XL:     3   Next: 76%
Magic:  3/6        EV: 12    Int: 17    God:
Gold:   108        SH:  0    Dex: 11    Spells: 3/6 levels left

rFire   . . .      SeeInvis .   f - +2 dagger (venom)
rCold   . . .      Faith    .   (no shield)
rNeg    . . .      Spirit   .   (armour unavailable)
rPois   .          Reflect  .   (helmet restricted)
rElec   .          Harm     .   (no cloak)
rCorr   .          Rampage  .   (no gloves)
Will    .....                   (no boots)
Stlth   ++........              (no amulet)
HPRegen 0.09/turn               (no ring)
MPRegen 0.10/turn               (no ring)

@: corroded
A: AC +5, unfitting armour, cold-blooded
a: no special abilities


You were on level 2 of the Dungeon.
You visited 1 branch of the dungeon, and saw 2 of its levels.

You collected 108 gold pieces.

Inventory:

Hand Weapons
 a - a +0 club
 f - a +2 dagger of venom (weapon)
Wands
 e - a wand of acid (6)
Scrolls
 c - 2 scrolls of fog {unknown}
 d - a scroll of immolation {unknown}


   Skills:
 + Level 0.9 Fighting
 + Level 2.1 Dodging
 + Level 2.1 Stealth
 + Level 2.2 Spellcasting
 * Level 2.0 Conjurations
 * Level 3.5 Fire Magic


You had 3 spell levels left.
You knew the following spells:

 Your Spells              Type           Power      Damage    Failure   Level
a - Foxfire               Conj/Fire      44%        2x1d6     6%          1
b - Scorch                Fire           26%        2d6       7%          2

Your spell library contained the following spells:

 Spells                   Type           Power      Damage    Failure   Level
 Conjure Flame            Conj/Fire      11%        6-21      19%         3
 Inner Flame              Hex/Fire       7%         N/A       28%         3
 Flame Wave               Conj/Fire      11%        2d5       52%         4


Dungeon Overview and Level Annotations

Branches:
Dungeon (2/15)

Altars:


Innate Abilities, Weirdness & Mutations

Your plain brown scales are hard. (AC +5)
You cannot fit into any form of body armour.
You are cold-blooded and may be slowed by cold attacks.


Message History

The kobold hits you with a +0 short sword.
The kobold completely misses you.
There is an open door here.
The jelly misses you.
You completely miss the jelly.
The jelly is lightly wounded.
The jelly closely misses you.
You hit the jelly.
The jelly is poisoned.
The acid corrodes you!
Your hands burn!
You tail-slap the jelly.
The jelly is heavily wounded.
You feel yourself speed up. The jelly barely misses you. The jelly hits you.
The acid corrodes you!
You are splashed with acid!
* * * LOW HITPOINT WARNING * * *
You feel better. The jelly barely misses you.
You kill the jelly!
Your Conjurations skill increases to level 2!
You have reached level 3!
Your experience leads to an increase in your attributes!
Increase (S)trength, (I)ntelligence, or (D)exterity?
You feel clever. x2; Your scales feel tougher.
Casting: Foxfire (safe; 6% risk of failure)
Press: ? - help, Q - select action, (/) - cycle Dir - look around, f - activate You conjure some foxfire!
The foxfire hits the endoplasm.
The endoplasm is almost dead.
You hit the endoplasm but do no damage.
The endoplasm is almost dead.
The endoplasm hits you.
* * * LOW HITPOINT WARNING * * *
You hit the endoplasm but do no damage.
The endoplasm is poisoned.
The endoplasm is almost dead.
You kill the endoplasm!
Your foxfire dissipates!
You hit the jelly but do no damage.
Your hands burn!
* * * LOW HITPOINT WARNING * * *
The jelly hits you.
* * * LOW HITPOINT WARNING * * *
The acid corrodes you!
You are splashed with acid!
You die...

......#######)''##
.. .# ......#
##)..## #g.
......# ##.....##
.. ......#
#.......# ..#
.†....# #.......#
......# #.......#
......# #.......#
......# #..(.####
......# #....'@J##
......# ########J#
####### ##..K.J.##
##'#######
#...JJJ...
#..JJJ....
#.÷.P.....
#.P.÷.....
#.P.÷JP÷.÷


You could see a jelly and an endoplasm.

Vanquished Creatures
  A jelly (D:2)
  3 endoplasms (D:2)
  A goblin (D:2)
  3 hobgoblins (D:1)
  A quokka (D:2)
  4 ball pythons (D:1)
  5 bats (D:1)
  A giant cockroach (D:1)
  6 kobolds
  3 rats
28 creatures vanquished.

Vanquished Creatures (others)
  61 foxfires
  4 fungi (D:2)
  6 toadstools (D:2)
71 creatures vanquished.

Grand Total: 99 creatures vanquished

Notes
Turn   | Place    | Note
-------+----------+-------------------------------------------
     0 | D:1      | RascalDebosk the Draconian Fire Elementalist began the
                  | quest for the Orb.
     0 | D:1      | Reached XP level 1. HP: 14/14 MP: 3/3
   348 | D:1      | Reached XP level 2. HP: 20/20 MP: 3/5
   351 | D:1      | Learned a level 2 spell: Scorch
  1958 | D:2      | HP: 1/22 [acid (9)]
  1964 | D:2      | Reached XP level 3. HP: 9/27 MP: 3/6
  1972 | D:2      | Splashed by a jelly's acid

Illustrated notes

Levels and vault maps discovered:
D:1:      sevenhm_arrival_forest_fort_large_2, layout_basic
D:2:      cheibrodos_fertilizer, layout_basic

Skill      XL: |  1  2 |
---------------+-------+-----
Dodging        | 2 |  2.1
Stealth        | 2 |  2.1
Conjurations   | 2 |  2.0
Fighting       | |  0.9
Spellcasting   | |  2.2
Fire Magic     | |  3.5

Action                   || total
-------------------------++-------
Melee: Club              ||     6
       Dagger            ||    11
       Tailslap          ||     2
 Cast: Foxfire           ||    36
  Use: Potion            ||     2
Armor: Skin              ||     8
Dodge: Dodged            ||    20
